[Event "44th Chess Olympiad Open 2022"]
[Site "Chennai"]
[Date "2022.08.05"]
[Round "7.1"]
[White "Harikrishna, Pentala"]
[Black "Ganguly, Surya Shekhar"]
[Result "1/2-1/2"]
[ECO "D41"]
[WhiteElo "2720"]
[BlackElo "2608"]
[Annotator "TA"]
[PlyCount "60"]
[EventDate "2022.07.29"]
[EventType "team-tourn"]
[EventCountry "IND"]
[SourceTitle "playchess.com"]
[Source "ChessBase"]
[SourceQuality "1"]
[WhiteTeam "India"]
[BlackTeam "India"]
[WhiteTeamCountry "IND"]
[BlackTeamCountry "IND"]
[TimeControl "40/5400+30:1800+30"]

1. d4 d5 2. c4 e6 3. Nf3 Nf6 4. Nc3 c5 5. cxd5 Nxd5 6. e4 Nxc3 7. bxc3 cxd4 8. cxd4 Bb4+ 9. Bd2 Bxd2+ 10. Qxd2 O-O 11. h4 {[%emt 0:00:49] D41: Queen's Gambit Declined: Semi-Tarrasch with 5 cxd5.} b6 12. Rd1 Bb7 13. Bd3 {[%emt 0:00:08] The position is equal.} Nd7 14. O-O Rc8 15. Rfe1 {[%emt 0:00:19] [#]} h6 $146 ({Predecessor:} 15... Re8 16. Bb1 Qc7 17. Qe3 Nf6 18. Rc1 Qe7 19. Rxc8 Rxc8 20. Qd2 Nd7 21. Qb2 h6 {½-½ (31) Bu,X (2708)-Ma,Q (2645) Hangzhou 2022}) 16. Bb1 Qc7 17. d5 {[%emt 0:10:24] White wants to play dxe6.} Ne5 18. Qf4 (18. Nd4 {looks sharper.} Ng4 19. e5 Bxd5 20. Qf4) 18... Nxf3+ 19. Qxf3 e5 (19... Qc3 $11) 20. Qa3 $14 {[%emt 0:09:10] White is more active.} a6 21. Rc1 Qd7 22. Bd3 b5 23. Qb4 Rxc1 24. Rxc1 Rc8 ({Better is} 24... f5 $1 $14) 25. Rxc8+ $16 Bxc8 {[%emt 0:00:24] KQB-KQB} 26. Qc3 {[%emt 0:04:23] Against Qc7} Qe8 27. Bc2 (27. Be2 $16) 27... Bd7 (27... Bg4 $1 $11 {remains equal.}) 28. Bb3 Qb8 $1 {[%emt 0:02:01] White is slightly better.} 29. Qa5 Qc8 30. Kh2 Kh7 $1 {[%emt 0:00:55] Weighted Error Value: White=0.13 (very precise) /Black=0.14 (very precise)} 1/2-1/2

[Event "44th Chess Olympiad Open 2022"]
[Site "Chennai"]
[Date "2022.08.05"]
[Round "7.1"]
[White "Erigaisi Arjun"]
[Black "Gupta, Abhijeet"]
[Result "1-0"]
[ECO "D02"]
[WhiteElo "2689"]
[BlackElo "2627"]
[Annotator "TA"]
[PlyCount "91"]
[EventDate "2022.07.29"]
[EventType "team-tourn"]
[EventCountry "IND"]
[SourceTitle "playchess.com"]
[Source "ChessBase"]
[SourceQuality "1"]
[WhiteTeam "India"]
[BlackTeam "India"]
[WhiteTeamCountry "IND"]
[BlackTeamCountry "IND"]
[TimeControl "40/5400+30:1800+30"]

1. d4 d5 2. Bf4 Nf6 3. e3 c5 4. Nf3 Nc6 5. Nbd2 Nh5 6. Be5 {[%emt 0:17:40] D02: 1 d4 d5 2 Nf3 sidelines, including 2...Nf6 3 g3 and 2...Nf6 3 Bf4.} e6 7. Bb5 $5 {[%emt 0:01:30][%mdl 4] Exploring less charted territory.} f6 8. Bg3 {[%emt 0:00:43] The position is equal.} (8. dxc5 {seems wilder.} fxe5 9. Nxe5 Nf6 10. Nxc6 bxc6 11. Bxc6+ Bd7 12. Bxa8 Bxc5 13. Nb3) 8... Nxg3 9. hxg3 cxd4 10. exd4 {[%emt 0:00:06] [#]} Bd6 $146 ({Predecessor:} 10... Bd7 11. Bd3 Qb6 12. c4 O-O-O 13. O-O Nxd4 14. cxd5 exd5 15. Nxd4 Qxd4 16. Nf3 Qb6 {½-½ (80) Nihal,S (2650)-Grischuk,A (2773) Chess.com INT 2021}) 11. c4 O-O 12. O-O Kh8 (12... Qb6 {looks sharper.} 13. Rc1 Nxd4 14. Nxd4 Qxd4 15. cxd5 exd5 16. Nc4 Qxd1 17. Rfxd1 Bxg3 18. fxg3 dxc4 19. Bxc4+ Kh8) 13. cxd5 exd5 14. Bxc6 bxc6 15. Qc2 Bd7 16. Nb3 Rb8 17. Nc5 Bxc5 ({Black should try} 17... Bg4 $11) 18. dxc5 $14 f5 19. Ne5 f4 20. g4 Kg8 (20... Qg5 $1 $11 {keeps the balance.} 21. Nxd7 f3 22. Nxf8 (22. Nxb8 Qxg4 23. g3 Qh3) 22... Rxf8 23. gxf3 Rxf3) 21. Rfe1 $16 Qc7 22. f3 a5 23. Qd2 Bc8 24. g5 (24. Nd3 $5 ) 24... Bf5 25. b3 Rbe8 26. Qd4 (26. Qxf4 Be4 $1 27. Qg3 Qxe5 $17) 26... Re6 (26... Re7 $11) 27. Nd3 $1 $14 (27. Qxf4 Be4 $1 28. Qg3 Qxe5 $17) 27... Rxe1+ (27... Rg6 $14) 28. Rxe1 $16 Bxd3 29. Qxd3 $14 {[%emt 0:00:05][%mdl 4096] Endgame KQR-KQR} Qd8 ({Black should play} 29... Qd7) 30. Re5 {[%emt 0:02:47] 0x0.001f248500b2dp-1022s more active pieces.} (30. Qa6 $16) 30... Re8 (30... Qb8 {keeps more tension.} 31. Re7 Re8 32. Qe2 Kf8) 31. Qd4 Rxe5 {[%emt 0:00:34] Loses the game.} (31... Qb8 $11 32. Rxe8+ Qxe8) 32. Qxe5 $11 {[%emt 0:00:04] KQ-KQ} d4 (32... Qd7 $142 33. Qb8+ (33. Qxf4 Qe7 $14) 33... Kf7) 33. Kf1 $18 ({Stronger than} 33. Qxf4 d3 34. Qd2 Qd4+ 35. Kf1 Kf7 $11) 33... d3 {[%emt 0:00:43] Hoping for ...d2.} 34. Ke1 a4 (34... d2+ $142 35. Kd1 Qd7) 35. b4 g6 36. Kd2 Qd7 37. Qxf4 (37. Qb8+ $142 Kg7 38. Qxf4) 37... Qd5 38. Qb8+ Kf7 39. Qa7+ Kf8 $2 (39... Ke8 {is a better defense.}) 40. Qxa4 Qxg5+ 41. Kxd3 Qf5+ {[%emt 0:04:00] [#]} 42. Kd2 $1 Qg5+ {[%emt 0:04:41] [#]} 43. Kd1 $1 Qe3 $2 (43... Qd5+ 44. Kc2 Qd4 45. Qa8+ (45. Qxc6 Qc4+ 46. Kd2 Qxb4+ 47. Kd3 Qa3+ 48. Ke4 Qb4+ 49. Kd5 Qd2+ 50. Ke6 Qxa2+ 51. Kd7 Qf7+ 52. Kc8 Qa2 $18) 45... Kg7 46. Qb7+ (46. Qxc6 Qc4+ 47. Kd2 Qxb4+ 48. Ke3 Qa3+ 49. Ke4 Qxa2 $18) 46... Kg8 47. Qxc6 Qc4+ 48. Kd2 Qxb4+ 49. Ke3 Qa5 50. Qd5+ Kg7) 44. Qa8+ {[%emt 0:00:00] White is clearly winning.} Kg7 45. Qb7+ Kh6 46. Qd7 {[%emt 0:00:00] Prevents Qd3+.  Weighted Error Value: White=0.18 (very precise) /Black=0.38} 1-0

[Event "44th Chess Olympiad Open 2022"]
[Site "Chennai"]
[Date "2022.08.05"]
[Round "7.1"]
[White "Sethuraman, S.P."]
[Black "Vidit, Santosh Gujrathi"]
[Result "1/2-1/2"]
[ECO "E59"]
[WhiteElo "2623"]
[BlackElo "2714"]
[Annotator "TA"]
[PlyCount "85"]
[EventDate "2022.07.29"]
[EventType "team-tourn"]
[EventCountry "IND"]
[SourceTitle "playchess.com"]
[Source "ChessBase"]
[SourceQuality "1"]
[WhiteTeam "India"]
[BlackTeam "India"]
[WhiteTeamCountry "IND"]
[BlackTeamCountry "IND"]
[TimeControl "40/5400+30:1800+30"]

1. d4 Nf6 2. c4 e6 3. Nc3 Bb4 4. e3 O-O 5. Bd3 d5 6. a3 Bxc3+ 7. bxc3 dxc4 8. Bxc4 c5 9. Nf3 Qc7 10. Be2 Nc6 11. O-O e5 12. Bb2 Rd8 13. h3 {[%emt 0:15:41] E59: Nimzo-Indian: Rubinstein: Main Line: 7...Nc6 8 a3 Bxc3 9 bxc3 dxc4.} Bf5 {[%emt 0:00:53] [#]} 14. Bb5 $146 ({Predecessor:} 14. Rc1 Rac8 15. Re1 a6 16. a4 Qa5 17. Nd2 exd4 18. cxd4 cxd4 19. Nc4 Qc7 20. exd4 Be6 {½-½ (49) Ding,L (2799)-Nakamura,H (2736) Chess.com INT 2021}) 14... e4 15. Nd2 {[%emt 0:01:12] The position is equal.} a6 16. Bxc6 bxc6 17. c4 cxd4 18. exd4 Bg6 19. Re1 Rab8 20. Bc3 Re8 21. Nf1 Nh5 22. Qd2 Rb3 23. Re3 Qd7 24. Ng3 Nxg3 25. Rxg3 f6 26. d5 cxd5 27. Qxd5+ Qxd5 28. cxd5 e3 29. Bd4 exf2+ 30. Bxf2 Rb5 31. Rd1 Re5 32. d6 {[%emt 0:00:45] [#] Black must now prevent d7.} Rbd5 33. Rxd5 Rxd5 $11 {[%emt 0:00:01][%mdl 4096] Endgame KRB-KRB} 34. Rb3 Rxd6 35. Rb8+ Kf7 36. Rb7+ Kg8 37. Rb8+ Kf7 38. Rb7+ Ke6 39. Rb6 (39. Bc5 $11 Be4 40. Rxg7 Rd1+ 41. Kf2 Rd2+ 42. Kg1) 39... Rxb6 {[%emt 0:00:51] Black is slightly better.} 40. Bxb6 Be4 41. h4 Kf5 42. Kf2 Kg4 43. g3 {[%emt 0:00:03] Weighted Error Value: White=0.09 (flawless) /Black=0.04 (flawless)} 1/2-1/2

[Event "44th Chess Olympiad Open 2022"]
[Site "Chennai"]
[Date "2022.08.05"]
[Round "7.1"]
[White "Puranik, Abhimanyu"]
[Black "Narayanan.S.L"]
[Result "0-1"]
[ECO "C77"]
[WhiteElo "2612"]
[BlackElo "2659"]
[Annotator "TA"]
[PlyCount "76"]
[EventDate "2022.07.29"]
[EventType "team-tourn"]
[EventCountry "IND"]
[SourceTitle "playchess.com"]
[Source "ChessBase"]
[SourceQuality "1"]
[WhiteTeam "India"]
[BlackTeam "India"]
[WhiteTeamCountry "IND"]
[BlackTeamCountry "IND"]
[TimeControl "40/5400+30:1800+30"]

1. e4 e5 2. Nf3 Nc6 3. Bb5 a6 4. Ba4 Nf6 5. d3 b5 6. Bb3 Bc5 7. Bg5 h6 {[%emt 0:00:43] The main line 7...h6 scores better than 7...d6. C77: Ruy Lopez: 3...a6 4 Ba4 Nf6, unusual lines.} 8. Bh4 d6 9. c3 g5 {[%emt 0:00:12] White has an edge.} 10. Bg3 O-O 11. O-O Bb6 12. a4 {[%emt 0:02:47] White wants to play axb5.} Rb8 13. axb5 axb5 {[%emt 0:00:06] [#]} 14. h3 $146 ({Predecessor:} 14. Na3 Nh7 15. d4 h5 16. h3 h4 17. Bh2 g4 18. hxg4 Bxg4 19. Qd3 exd4 20. Nxd4 {0-1 (29) Sethuraman,S (2644)-Harsha,B (2509) chess24.com INT 2021}) 14... Ne7 15. Nbd2 Ng6 16. d4 Re8 17. Re1 c5 18. Bc2 (18. dxe5 $142 dxe5 19. Bd5) 18... cxd4 19. cxd4 g4 20. hxg4 Bxg4 21. dxe5 (21. Nf1 $1 $11) 21... Nh5 $1 $19 22. Nf1 Nxg3 ({Weaker is} 22... Nxe5 23. Bxe5 dxe5 24. Ne3 Bxe3 25. Rxe3 $11) (22... dxe5 23. Ne3 $11) 23. Nxg3 Nxe5 24. Ra3 Qf6 25. Nf5 d5 26. Ng3 (26. Qd2 {only move.} Bxf5 27. exf5) 26... Kh8 (26... Rbc8 $142 {White must now prevent ...b4.} 27. Bb1 h5) 27. exd5 Bxf3 (27... Nxf3+ $1 $19 28. gxf3 Qf4 29. Rxe8+ Rxe8) 28. gxf3 $15 Qh4 (28... Nxf3+ $2 29. Rxf3 Qd4 30. Rxf7 Qxd1 31. Rxd1 $18) (28... Bc5 $15 29. Rc3 Bd4 $1) 29. Kg2 $11 Bxf2 $1 {[%emt 0:00:53][%mdl 64] Decoy} 30. Kxf2 Qh2+ {[%emt 0:00:11][%mdl 64] Deflection} 31. Kf1 {[%emt 0:00:12][%cal Od1d4] Strongly threatening Qd4!} Qh3+ 32. Kf2 Qh2+ {[%emt 0:00:25][%mdl 64] Deflection} 33. Kf1 {[%emt 0:00:02][%cal Od1d4] Threatens to win with Qd4!} Qxg3 34. Qd4 $1 {[%emt 0:03:19] f4 is the strong threat.} f6 $40 {[%emt 0:03:10][%mdl 128] Black attacks.} 35. Qd2 $2 ({Not} 35. f4 $2 {[#]} Qxe1+ $3 36. Kxe1 Nf3+ 37. Kf2 Nxd4 $19) (35. Qf2 $1 $11 {and White has nothing to worry.} Qh3+ 36. Qg2 Qxg2+ 37. Kxg2) 35... Qh4 $19 {[%emt 0:01:00] Chess con chili.} 36. Be4 Rg8 {[%emt 0:03:17] ( -> ...Qh1+)} 37. f4 Nc4 (37... Ng4 $142 {And now ...Rbe8 would win.} 38. Re2 b4) 38. Qc1 $2 (38. Qf2 $19 Qxf2+ 39. Kxf2 Nxa3 40. bxa3) 38... Qh2 {[%emt 0:00:27] Weighted Error Value: White=0.61/Black=0.20 (precise)} 0-1

[Event "44th Chess Olympiad Open 2022"]
[Site "Chennai"]
[Date "2022.08.05"]
[Round "7.2"]
[White "So, Wesley"]
[Black "Melkumyan, Hrant"]
[Result "1-0"]
[ECO "B11"]
[WhiteElo "2773"]
[BlackElo "2634"]
[Annotator "TA"]
[PlyCount "55"]
[EventDate "2022.07.29"]
[EventType "team-tourn"]
[EventCountry "IND"]
[SourceTitle "playchess.com"]
[Source "ChessBase"]
[SourceQuality "1"]
[WhiteTeam "United States"]
[BlackTeam "Armenia"]
[WhiteTeamCountry "USA"]
[BlackTeamCountry "ARM"]
[TimeControl "40/5400+30:1800+30"]

1. e4 c6 2. Nc3 d5 3. Nf3 Bg4 4. h3 Bxf3 5. Qxf3 e6 6. Be2 Bc5 {[%emt 0:01:28] B11: Caro-Kann: Two Knights Variation.} 7. O-O Nd7 8. exd5 cxd5 {[%emt 0:00:28] The position is equal.} 9. Rd1 Ngf6 10. d4 Be7 11. Bd3 O-O {[%emt 0:00:11] [#]} 12. Bf4 $146 ({Predecessor:} 12. Ne2 Qb8 13. Nf4 b5 14. h4 Qb7 15. h5 Bd6 16. h6 g6 17. Qh3 Rfe8 18. Be3 {½-½ (64) Dragnev,V (2535)-Fridman,D (2626) Katowice 2021}) 12... Nb8 13. Ne2 Nc6 14. c3 Re8 15. Re1 g6 16. Ng3 Nd7 17. Re3 e5 18. Bh6 ({Better is} 18. dxe5 $11 Bc5 19. e6 fxe6 20. Re2) 18... e4 $2 {[%emt 0:01:44][%mdl 8192] [#] A mistake that costs the game.} (18... Bf8 $15 {keeps the upper hand.} 19. Bxf8 e4) 19. Rxe4 $1 $18 Nf8 $2 (19... dxe4 {leads to mate.} 20. Qxf7+ Kxf7 21. Bc4+ Kf6 22. Nxe4+ Kf5 23. g4+ Kxe4 24. Re1+ Kf3 25. Re3#) (19... Nb6 {keeps fighting.}) 20. Rf4 f5 {[%emt 0:00:55] [#]} 21. Nxf5 $1 {[%emt 0:00:04][%mdl 512] White is clearly winning.} gxf5 22. Rxf5 Qd6 23. Qg4+ Ng6 {[%emt 0:04:16] [#]} 24. Rxd5 $3 Qf6 25. g3 Bf8 26. Rf5 Qe7 27. Bc4+ {[%emt 0:04:07] This bishop pair is nice.} Kh8 28. Bg5 {[%emt 0:00:07] Weighted Error Value: White=0.07 (flawless) /Black=0.38} 1-0

[Event "44th Chess Olympiad Open 2022"]
[Site "Chennai"]
[Date "2022.08.05"]
[Round "7.2"]
[White "Shankland, Sam"]
[Black "Hovhannisyan, Robert"]
[Result "0-1"]
[ECO "D12"]
[WhiteElo "2720"]
[BlackElo "2591"]
[Annotator "TA"]
[PlyCount "180"]
[EventDate "2022.07.29"]
[EventType "team-tourn"]
[EventCountry "IND"]
[SourceTitle "playchess.com"]
[Source "ChessBase"]
[SourceQuality "1"]
[WhiteTeam "United States"]
[BlackTeam "Armenia"]
[WhiteTeamCountry "USA"]
[BlackTeamCountry "ARM"]
[TimeControl "40/5400+30:1800+30"]

1. d4 d5 2. c4 c6 3. Nf3 Nf6 4. e3 Bf5 5. Nc3 e6 6. Nh4 Bg6 7. Bd2 Nbd7 8. Nxg6 hxg6 9. Qb3 Qc7 10. h3 Be7 11. Rc1 Nb6 12. cxd5 (12. c5 $5 Nbd7 13. Bd3 $11) 12... exd5 13. Bd3 O-O 14. O-O a5 15. a3 Rfe8 16. Rfe1 Bf8 17. f3 a4 18. Qc2 Qd7 19. Kh1 Bd6 20. g4 Bc7 21. Re2 g5 22. Rf1 Re7 (22... Qd6 $5 ) 23. e4 dxe4 24. Nxe4 Nxe4 25. Bxe4 Bf4 26. Rfe1 Rae8 27. Ba5 Nd5 28. Bf5 Qd6 $1 29. Rxe7 Rxe7 30. Rxe7 Nxe7 31. Bb4 $2 (31. Bh7+ $17 Kh8 32. Be4) 31... Qh6 $1 $19 32. Kg2 (32. Bxe7 Qxh3+ 33. Kg1 Be3+) 32... Nd5 33. Qe4 Ne3+ 34. Kf2 Nxf5 35. gxf5 Qxh3 36. Bc3 Qh2+ 37. Ke1 Qg1+ 38. Ke2 Qg2+ 39. Ke1 Qg1+ 40. Ke2 Qg2+ 41. Ke1 $1 Bg3+ 42. Kd1 Qf1+ 43. Kc2 Bf4 44. Be1 Qc4+ 45. Bc3 Qb3+ 46. Kb1 Qd5 47. Kc2 Kh7 48. Qd3 f6 49. Kd1 Kg8 50. Ke2 Kf7 51. Kf2 b5 52. Kg1 $2 (52. Be1 {keeps fighting.}) 52... Bd6 53. Kf2 Bc7 54. Kg1 Kg8 55. Qe3 Kf7 (55... Qxf5 56. Qe8+ Kh7 57. Qh5+ Kg8 58. Qe8+ Kh7 59. Qh5+ Kg8 60. Qe8+ $11) 56. Qd3 $1 Bb6 57. Kf2 Ba7 58. Kg3 Bb8+ 59. Kf2 Bd6 60. Kg1 Ke8 61. Kf2 Kd7 62. Kg1 Kc7 63. Qe4 Kd7 64. Qd3 $1 Bf4 65. Kf2 Ke8 66. Qe2+ Kf7 67. Qd3 Bd6 68. Kg1 $1 g6 69. fxg6+ Kg7 70. Qe2 Kxg6 (70... b4 $1 $17 71. axb4 Bxb4 $1 ) 71. Qe8+ $15 Kg7 72. Kg2 Bf8 73. Kf2 f5 74. Qe3 {[%emt 0:01:08] [#]} (74. Kg1 $17) 74... Kh6 $1 $19 75. Bd2 $2 (75. Qe8 {might work better.} Bg7 76. Kg3) 75... f4 $19 76. Qd3 Bg7 77. Bc3 Bf6 78. Ke1 $2 (78. Qd2 c5 79. dxc5 Qxc5+ 80. Kf1 Bxc3 81. bxc3 Qxa3 82. Qh2+ Kg7 83. Qd2) 78... g4 $19 79. fxg4 Qh1+ 80. Kd2 Qg2+ $2 (80... f3 81. Kc2 Qg2+ 82. Bd2+ Bg5) 81. Kc1 $19 Qxg4 (81... Qg1+ $19 82. Kc2 Qxg4) 82. Bd2 {[%emt 0:01:07] [#]} (82. Qe4 $17 {is the only way for White.}) 82... Kg5 (82... Qg1+ $1 $19 {is more deadly.} 83. Kc2 Qg2) 83. Qe4 $17 Qg1+ 84. Kc2 Qf2 ({Better is} 84... Qxd4 $17 85. Bxf4+ Kg4 86. Qxd4 Bxd4) 85. Qxc6 $15 Qxd4 86. Qxb5+ (86. Qg2+ $1 $11 {remains equal.} Kf5 87. Qh3+ Kg6 88. Qg2+ Bg5 89. Qf3 (89. Qc6+ Kf5 $17)) 86... Kg4 $17 87. Bxf4 Qe4+ ({Avoid the trap} 87... Kxf4 $2 88. Qf1+ Kg5 89. Qg2+ Kh5 90. Qh2+ Kg6 91. Qg2+ Kf7 92. Qb7+ Kg8 93. Qa8+ Kh7 94. Qh1+ Kg8 95. Qg2+ Kh7 96. Qh1+ Kg8 97. Qg2+ Kh8 98. Qh3+ Kg8 99. Qg2+ $19) 88. Qd3 Qc6+ ({Much weaker is} 88... Kxf4 $6 89. Qxe4+ Kxe4 90. b3 $11) 89. Kb1 Kxf4 90. b3 Qg2 (90... axb3 $17 91. Qxb3 Kg5) 0-1

[Event "44th Chess Olympiad Open 2022"]
[Site "Chennai"]
[Date "2022.08.05"]
[Round "7.2"]
[White "Sargissian, Gabriel"]
[Black "Caruana, Fabiano"]
[Result "1-0"]
[ECO "E15"]
[WhiteElo "2698"]
[BlackElo "2783"]
[Annotator "TA"]
[PlyCount "113"]
[EventDate "2022.07.29"]
[EventType "team-tourn"]
[EventCountry "IND"]
[SourceTitle "playchess.com"]
[Source "ChessBase"]
[SourceQuality "1"]
[WhiteTeam "Armenia"]
[BlackTeam "United States"]
[WhiteTeamCountry "ARM"]
[BlackTeamCountry "USA"]
[TimeControl "40/5400+30:1800+30"]

1. d4 Nf6 2. c4 e6 3. Nf3 b6 4. g3 Ba6 5. b3 Bb4+ 6. Bd2 Be7 7. Nc3 d5 8. cxd5 exd5 9. Bg2 O-O 10. O-O Re8 {[%emt 0:00:11] 10...Nbd7 is setting a new trend.} 11. Ne5 {[%emt 0:04:45] E15: Queen's Indian: 4 g3 sidelines, 4 g3 Ba6 and 4 g3 Bb7 early deviations.} Bb7 12. Rc1 Nbd7 13. Rc2 {[%emt 0:03:22] The position is equal.} Nf8 14. Bc1 Ne6 15. Bb2 a6 16. e3 Bd6 17. Ne2 {[%emt 0:07:35] [#]} a5 $146 ({Predecessor:} 17... Ne4 18. Nf4 Qe7 19. Nc6 Bxc6 20. Rxc6 Nxf4 21. exf4 Qd7 22. Rc2 a5 23. a4 b5 {½-½ (94) Barseghyan,A (2338)-Levin,E (2485) Cheliabinsk 2021}) 18. a4 c5 19. Nf4 Nxf4 20. exf4 Ba6 21. Re1 Rc8 22. g4 cxd4 {[%emt 0:09:58] aiming for ...Bb4.} 23. Rxc8 Qxc8 24. Bxd4 Bb4 25. Re3 Ne4 26. Bb2 (26. Bxb6 Nc3 27. Qa1 Re6 $17) (26. Bxe4 $2 dxe4 27. Bxb6 Re6 28. Qd8+ Qxd8 29. Bxd8 Rd6 $19) 26... Bb7 27. h3 f6 28. Nf3 (28. Nd3 $5 ) 28... Qc7 29. f5 Qf4 30. Re2 $1 Bc5 (30... Rc8 $1 $15 {might be stronger.}) 31. Bd4 $11 Rd8 (31... Kf7 {is interesting.} 32. Bxc5 bxc5 33. Qd3 Qc1+) 32. Bxc5 bxc5 33. Qe1 {[%emt 0:00:10] Prevents Nc3.} h5 {[%emt 0:02:16] [#]} (33... Qc7 $1 $11) 34. Qxa5 (34. Nh4 $1 $16) 34... Rc8 35. Nh4 {[%emt 0:02:23][%cal Bf3h4,Bh4g6,Bg6e7][%mdl 32] Hoping for Ng6.} (35. gxh5 Kh7 $11) 35... Ra8 $2 {[%emt 0:02:58][%mdl 8192] [#] This move loses the game for Black.} (35... Qd6 $16 {was necessary.}) 36. Qe1 $1 $18 (36. Qb6 Qc1+ 37. Kh2 Qf4+ 38. Kg1 Qc1+ 39. Kh2 Qf4+ 40. Kg1 $11) 36... Qc7 (36... hxg4 $2 37. Ng6 Qd6 38. hxg4 $18 (38. Bxe4 dxe4 39. Rd2 Qb6 $16)) 37. Ng6 {[%emt 0:03:20] Strongly threatening f3.} (37. Bxe4 dxe4 38. Ng6 Kh7 $16) 37... c4 38. bxc4 (38. Bxe4 dxe4 39. Rc2 Qb6 $16) 38... Qxc4 39. Rb2 Bc6 40. Ne7+ (40. gxh5 $6 Kh7 $16) 40... Kh7 41. Bxe4 ({Less strong is} 41. gxh5 Qxa4 42. h6 (42. Nxc6 Qxc6 43. Bxe4 dxe4 $11) 42... Ra7 $16) 41... dxe4 42. Rb4 ({And not} 42. gxh5 Rxa4 43. Nxc6 Qxc6 $11) 42... Qc5 43. Nxc6 Qxc6 44. Qxe4 {[%emt 0:00:31][%mdl 4096] Endgame KQR-KQR} Qc1+ (44... Qxe4 $142 45. Rxe4 Kh6) 45. Kg2 Rd8 46. Rc4 ({Much less strong is} 46. gxh5 $6 Rd1 $18) 46... Qd2 47. gxh5 Rb8 $2 (47... Qg5+ 48. Qg4 Rd5 49. Qxg5 fxg5) 48. Rd4 Qc1 49. Qg4 Qc6+ 50. Kh2 Qc2 (50... Qc7+ $142 51. Qg3 Rc8 52. Qxc7 Rxc7) 51. Qg6+ Kh8 52. Qg3 {[%emt 0:01:02] h6 would kill now.} Rg8 53. Qf4 Kh7 54. Rd7 {[%emt 0:00:39] White mates.} Kh8 55. h6 g5 56. fxg6 Qxg6 57. Rg7 {[%emt 0:00:32] Weighted Error Value: White=0.10 (very precise) /Black=0.59} 1-0

[Event "44th Chess Olympiad Open 2022"]
[Site "Chennai"]
[Date "2022.08.05"]
[Round "7.2"]
[White "Ter-Sahakyan, Samvel"]
[Black "Dominguez Perez, Leinier"]
[Result "0-1"]
[ECO "B94"]
[WhiteElo "2625"]
[BlackElo "2754"]
[Annotator "TA"]
[PlyCount "95"]
[EventDate "2022.07.29"]
[EventType "team-tourn"]
[EventCountry "IND"]
[SourceTitle "playchess.com"]
[Source "ChessBase"]
[SourceQuality "1"]
[WhiteTeam "Armenia"]
[BlackTeam "United States"]
[WhiteTeamCountry "ARM"]
[BlackTeamCountry "USA"]
[TimeControl "40/5400+30:1800+30"]

1. e4 c5 2. Nf3 d6 3. d4 cxd4 4. Nxd4 Nf6 5. Nc3 a6 6. Bg5 Nbd7 7. Qe2 {[%emt 0:03:51] B94: Sicilian Najdorf: 6 Bg5 Nbd7.} h6 8. Bh4 g6 9. f4 {[%emt 0:09:45] Threatening e5. The position is equal.} e5 10. fxe5 dxe5 {[%emt 0:00:07] [#]} 11. O-O-O $1 Qc7 (11... exd4 12. e5 Bc5 13. exf6+ Kf8 14. Ne4 $18) 12. Nb3 b5 13. Nd5 {[%emt 0:04:49] 13.Rxd7 is the fancy move.} Nxd5 14. exd5 Bd6 15. Qd2 f5 16. Kb1 g5 17. Be1 Nf6 {[%emt 0:00:10] [#]} 18. Rc1 $146 (18. g3 $11) ({Predecessor:} 18. h4 g4 19. h5 Ne4 20. Qc1 f4 21. Bd3 Bf5 22. Na5 O-O 23. c4 Rae8 24. Qc2 {0-1 (49) Pugh,J (2463)-Yeo,G (2454) ICCF email 2019}) 18... b4 ({Black should play} 18... f4 $1 $15) 19. c4 bxc3 $1 20. Qd1 (20. Rxc3 Ne4 21. Rxc7 Nxd2+ 22. Bxd2 Bxc7 $17) 20... Qf7 (20... O-O $5 ) 21. Rxc3 Bb7 ({Don't play} 21... Nxd5 22. Rc6 Ke7 23. Na5 $16) ({Much less strong is} 21... Qxd5 22. Rd3 Qe4 23. Nd2 $16) 22. Bc4 O-O (22... Bxd5 $2 23. Bxd5 Qxd5 24. Qxd5 Nxd5 25. Rd3 $18) (22... Nxd5 $2 23. Rd3 O-O-O 24. Bxd5 $18) 23. Na5 Bxd5 24. Bxd5 Nxd5 (24... Qxd5 $2 25. Qxd5+ Nxd5 26. Rd3 $18) 25. Rd3 Nb4 $36 {[%emt 0:00:12][%mdl 2048] White is under pressure.} 26. Bxb4 Bxb4 27. Nc6 a5 (27... e4 $2 28. Rd7 Qe6 29. Nxb4 $18) 28. Nxe5 Qe6 29. Nf3 Rab8 30. a3 $1 Be7 {[%emt 0:01:48] ...Bf6 is the strong threat.} 31. Nd4 (31. Re1 $11 Qb6 32. b4) 31... Qd5 $1 $15 32. Qf3 {[%emt 0:00:18] [#]} Qxf3 33. gxf3 Bf6 {[%emt 0:00:18] Hoping for ...Rfd8.} 34. Rhd1 Rb6 35. R1d2 Rfb8 {[%emt 0:02:40] And now ...f4 would win.} 36. Kc1 (36. a4 $1 $15) 36... f4 37. Kb1 $2 (37. a4 $17 {might work better.}) 37... Rd6 {[%emt 0:03:06] Strongly threatening ...Rbd8.} 38. Nb3 Rxd3 39. Rxd3 $19 {[%emt 0:00:03][%mdl 4096] Endgame KRB-KRN} a4 40. Nd2 Rb5 ({Not} 40... Bxb2 41. Kc2 $17) (40... Rxb2+ $19 41. Kc1 Ra2) 41. Kc1 $2 ({Better is} 41. b4 $11) 41... Rxb2 {[%emt 0:30:30] White must now prevent ...Ra2. Black is more active.} 42. Rd6 Ra2 43. Rd3 $2 (43. Rxf6 $14 {was forced to keep a grip.} Kg7 44. Ra6) 43... Bg7 44. Rd4 $2 (44. Kb1 Ra1+ 45. Kc2) 44... Bf8 $2 (44... Bxd4 $19 45. Nc4 Rxh2) 45. h4 $2 (45. Rxa4 $17 Kf7 46. h4) 45... Rxa3 $2 (45... gxh4 46. Rxf4 Bxa3+ 47. Kd1 Be7 48. Rg4+ Kf7 49. Rf4+ Ke8) 46. Rxf4 $2 (46. hxg5 hxg5 47. Rd7) 46... gxh4 $2 (46... gxf4 47. Ne4 Rxf3) 47. Kc2 $2 (47. Rg4+ Kh7 48. Rxh4) 47... Ra1 $2 (47... Be7 $19 {has better winning chances.} 48. Re4 Bf6) 48. Rxh4 {[%emt 0:00:04] Weighted Error Value: White=0.99/Black=0.81} 0-1